 Dungeon Crawl Stone Soup version 0.29.1-15-g9cfb28693d (webtiles) character file.

Game seed: 3615272515984790380

80071 PhantomBowie the Warrior (level 15, -8/103 HPs)
             Began as a Gargoyle Berserker on Mar 3, 2023.
             Was the Champion of Trog.
             Shot with a bolt by Nessos (26 damage)
             ... on level 13 of the Dungeon.
             The game lasted 02:38:38 (23509 turns).

PhantomBowie the Warrior (Gargoyle Berserker)      Turns: 23509, Time: 02:38:38

Health: -8/103     AC: 38    Str: 28    XL:     15   Next: 65%
Magic:  15/15      EV: 17    Int:  8    God:    Trog [******]
Gold:   2797       SH:  0    Dex: 15    Spells: 14/14 levels left

rFire   . . .      SeeInvis .   E - +7 great mace of Sin {vorpal, rPois Dex+6}
rCold   + . .      Faith    .   (shield currently unavailable)
rNeg    + + .      Spirit   .   v - +2 plate armour {rC+}
rPois   ∞          Reflect  .   (no helmet)
rElec   +          Harm     .   I - +1 cloak
rCorr   .          Rampage  .   z - +0 pair of gloves
Will    +....                   d - +2 pair of boots
Stlth   ..........              C - amulet of regeneration
HPRegen 1.07/turn               n - +4 ring of evasion
MPRegen 0.14/turn               D - ring of positive energy

@: on berserk cooldown, flying, slowed, unable to read, very slow
A: sickness immunity, AC +11, big wings, negative energy resistance 1,
electricity resistance, torment resistance 1, petrification resistance,
inability to read after injury 1
a: Renounce Religion, Berserk, Trog's Hand, Brothers in Arms


You were on level 13 of the Dungeon.
You worshipped Trog.
Trog was exalted by your worship.
You visited 4 branches of the dungeon, and saw 21 of its levels.
You also visited: Volcano.

You collected 2797 gold pieces.

Inventory:

Hand Weapons
 g - a +2 morningstar of venom
 E - the +7 great mace of Sin (weapon) {vorpal, rPois Dex+6}
   (Trog gifted it to you on level 2 of the Orcish Mines)

   It inflicts extra damage upon your enemies.
   Dex:       It affects your dexterity (+6).
   rPois:     It protects you from poison.
Armour
 d - a +2 pair of boots (worn)
 v - a +2 plate armour of cold resistance (worn)
 z - a +0 pair of gloves (worn)
 I - a +1 cloak (worn)
 L - a +3 chain mail of fire resistance
Jewellery
 e - a ring of protection from fire
 n - a +4 ring of evasion (left hand)
 C - an amulet of regeneration (around neck)
 D - a ring of positive energy (right hand)
 Q - a ring of protection from fire
Wands
 h - a wand of acid (5)
 l - a wand of flame (30)
 x - a wand of roots (12)
 A - a wand of digging (17)
 F - a wand of paralysis (17)
 N - a wand of polymorph (5)
 P - a wand of mindburst (5)
Scrolls
 f - a scroll of acquirement {unknown}
 j - 11 scrolls of poison
 o - 3 scrolls of noise {unknown}
 p - 3 scrolls of teleportation
 r - 3 scrolls of fear {unknown}
 s - a scroll of vulnerability {unknown}
 t - a scroll of immolation {unknown}
 u - 4 scrolls of blinking
 y - 3 scrolls of enchant weapon
 G - a scroll of fog {unknown}
 H - a scroll of summoning {unknown}
 J - 4 scrolls of enchant armour
 O - 3 scrolls of amnesia {unknown}
Potions
 a - 4 potions of attraction {unknown}
 b - 5 potions of mutation
 c - 9 potions of curing
 i - 2 potions of might
 k - 3 potions of haste {unknown}
 m - 7 potions of magic {unknown}
 q - 4 potions of heal wounds
 w - 4 potions of lignification
 B - a potion of cancellation {unknown}
 K - 6 potions of degeneration {unknown}
 M - 2 potions of ambrosia {unknown}


   Skills:
 + Level 15.4 Fighting
 + Level 14.2 Maces & Flails
 + Level 15.2 Armour
 + Level 11.9 Dodging


You had 14 spell levels left.
You didn't know any spells.
Your spell library was empty.

Dungeon Overview and Level Annotations

Branches:
Dungeon (13/15)            Temple (1/1) D:6            Lair (5/5) D:11
 Shoals (0/4) Lair:2       Spider (0/4) Lair:3        Slime (0/5) Lair:4
    Orc (2/2) D:10            Elf (0/3) Orc:2       Volcano (visited)
 Vaults: D:13-14

Altars:
Ashenzari
Cheibriados
Dithmenos
Elyvilon
Fedhas
Gozag
Hepliaklqana
Kikubaaqudgha
Makhleb
Nemelex Xobeh
Okawaru
Qazlal
Ru
Sif Muna
Trog
Uskayaw
Vehumet
Wu Jian
Xom
Yredelemnul
Zin
The Shining One
Jiyva

Shops:
D:4 [   D:9 [:   D:10 [   Orc:2 [*[!

Portals:
Trove: D:10 (give horn of Geryon)

Annotations:
D:13 Azrael, Nessos


Innate Abilities, Weirdness & Mutations

You are immune to sickness and miasma.
Your stone body is resilient. (AC +11)
You are immune to poison.
Your large and strong wings let you fly.
You resist negative energy. (rN+)
You are resistant to electric shocks. (rElec)
You are resistant to unholy torment.
You are immune to petrification.
You occasionally lose the ability to read scrolls when taking damage.


Message History

You are too berserk!
Unknown command.
Nessos shoots a bolt.
The bolt hits you but does no damage.
Nessos shoots a bolt.
The bolt hits you. The bolt burns you.
You feel a strong urge to attack something.
Nessos mumbles some strange words.
Nessos blinks!
Nessos casts a spell.
Nessos blinks!
Nessos mumbles some strange words.
Nessos blinks!
You feel your anger nearly subside.
You are no longer berserk.
You are exhausted.
You feel yourself slow down.
Nessos shoots a bolt.
The bolt hits you!!
You feel threatened and lose the ability to read scrolls!
* * * LOW HITPOINT WARNING * * *
The bolt burns you.
* * * LOW HITPOINT WARNING * * *
Nessos stands on their hind legs for a moment.
Nessos mumbles some strange words.
Nessos blinks!
You cannot read scrolls in your current state!
Nessos mumbles some strange words.
Nessos blinks!
Nessos hits you but does no damage. Nessos kicks you but does no damage.
Nessos hits you but does no damage. Nessos barely misses you.
Nessos mumbles some strange words.
Nessos blinks!
Nessos shoots a bolt.
The bolt misses you.
Nessos gestures wildly while chanting.
Nessos blinks!
Nessos mumbles some strange words.
Nessos blinks!
Nessos pounds the earth with their hooves.
Nessos gestures wildly while chanting.
Nessos blinks!
Nessos gestures wildly while chanting.
Nessos blinks!
Nessos mumbles some strange words.
Nessos blinks!
Nessos shoots a bolt.
The bolt hits you!!
You die...

......#..................#
................###..#
#.....#..........#.†###
#####.<.........####).#
###..............##..##
#....#...........##.###
##......####.....#....#
#.......# ##......).###
#........##§....@#..#
................#####
...............####.#
.........§..........###
......[...............#
.#.........§..§.......#
.##..##.....c.........###
.>.................#
...................#


You could see Nessos (fast).

Vanquished Creatures
  Rupert (D:12)
  Gastronok (Lair:1)
  A war gargoyle (D:13)
  A red draconian (Volcano)
  A fire dragon (D:11)
  A yaktaur captain (D:13)
  Harold (D:9)
  2 boulder beetles
  2 hydras
  A catoblepas (Lair:4)
  5 two-headed ogres
  A centaur warrior (D:13)
  3 death yaks (Lair:5)
  4 orc high priests
  A salamander mystic (Volcano)
  Amaemon (Lair:1)
  Lodul (D:12)
  An orb spider (Lair:3)
  Pikel (D:6)
  A wizard (D:10)
  A deep elf pyromancer (D:12)
  A lindwurm (Lair:4)
  4 ugly things
  2 oklob plants (Lair:1)
  3 orc sorcerers (Orc:2)
  2 cyclopes
  6 salamanders (Volcano)
  2 slime creatures (D:13)
  A manticore (D:6)
  A merfolk siren (Lair:2)
  3 elephants (Lair:5)
  6 black mambas
  An orange demon (Lair:1)
  20 cane toads
  2 torpor snails
  3 gargoyles
  Maggie (D:9)
  An unseen horror (D:10)
  6 rime drakes
  A kobold demonologist (D:8)
  Psyche (D:9)
  6 komodo dragons
  2 unseen horror zombies (D:8)
  An efreet (D:13)
  9 hornets
  3 trolls
  Prince Ribbit (D:5)
  6 polar bears
  16 blink frogs
  A hornet (shapeshifter) (D:13)
  15 dream sheep
  12 spriggans
  4 shadows
  6 wyverns
  49 yaks
  3 fire elementals
  5 basilisks
  A golden eye (shapeshifter) (D:10)
  A steam dragon (Lair:2)
  A human (D:10)
  4 vampire mosquitoes (D:11)
  3 wargs
  7 acid dragons
  4 water moccasins
  5 hell hounds
  2 sky beasts (D:6)
  A hornet zombie (D:8)
  19 orc warriors
  7 black bears
  5 centaurs
  4 boggarts (Lair:5)
  26 wolves
  9 ogres
  A phantom (D:6)
  A lemure (D:6)
  15 kobold brigands
  14 bullfrogs
  4 scorpions
  3 necrophages
  A gnoll sergeant (D:5)
  14 wights
  6 killer bees
  An electric eel (D:7)
  5 jellies
  3 howler monkeys
  3 centaur zombies (D:8)
  2 gnoll boudas
  6 hounds
  27 orc priests
  4 iguanas
  29 orc wizards
  2 killer bee zombies (D:8)
  10 adders
  7 gnolls
  A shadow imp (D:6)
  3 white imps
  3 dart slugs
  70 orcs
  9 ball pythons
  7 bats
  4 endoplasms
  8 giant cockroaches
  6 goblins
  5 hobgoblins
  3 jackals
  10 quokkas
  4 frilled lizards
  30 kobolds
  5 rats
663 creatures vanquished.

Vanquished Creatures (others)
  15 fungi
  21 plants
  A withered plant (D:8)
37 creatures vanquished.

Grand Total: 700 creatures vanquished

Notes
Turn   | Place    | Note
-------+----------+-------------------------------------------
     0 | D:1      | PhantomBowie the Gargoyle Berserker began the quest for the
                  | Orb.
     0 | D:1      | Reached XP level 1. HP: 14/14 MP: 1/1
   221 | D:1      | Reached XP level 2. HP: 19/19 MP: 2/2
   641 | D:1      | Reached XP level 3. HP: 21/23 MP: 3/3
  1320 | D:2      | Reached ** piety under Trog
  1573 | D:2      | Reached XP level 4. HP: 28/29 MP: 4/4
  1596 | D:2      | Found a stormy altar of Qazlal.
  2366 | D:3      | Reached XP level 5. HP: 33/33 MP: 5/5
  2460 | D:3      | Found a large runed translucent door.
  2461 | D:3      | Found a large runed translucent door.
  2808 | D:3      | Found a broken altar of Ashenzari.
  3078 | D:3      | Found a basalt altar of Yredelemnul.
  3084 | D:3      | Found a blossoming altar of Fedhas.
  3239 | D:4      | Reached XP level 6. HP: 27/39 MP: 6/6
  3536 | D:4      | Found Zemp's Antique Armour Emporium.
  3894 | D:4      | Found an ornate altar of the Wu Jian Council.
  4165 | D:5      | Entered Level 5 of the Dungeon
  4179 | D:5      | Reached skill level 5 in Fighting
  4179 | D:5      | Reached XP level 7. HP: 44/44 MP: 7/7
  4403 | D:5      | Reached *** piety under Trog
  4468 | D:5      | Reached skill level 5 in Maces & Flails
  4613 | D:5      | Reached skill level 5 in Armour
  4995 | D:5      | Reached XP level 8. HP: 45/51 MP: 8/8
  5349 | D:5      | Noticed Prince Ribbit
  5371 | D:5      | Killed Prince Ribbit
  5419 | D:5      | Found a shimmering altar of Xom.
  5422 | D:5      | Found a shimmering blue altar of Sif Muna.
  5784 | D:6      | Noticed a manticore
  5882 | D:6      | Reached XP level 9. HP: 51/56 MP: 9/9
  6001 | D:6      | Reached skill level 5 in Dodging
  6079 | D:6      | Reached **** piety under Trog
  6257 | D:6      | Noticed Pikel
  6277 | D:6      | Killed Pikel
  6514 | D:6      | Found a staircase to the Ecumenical Temple.
  6520 | Temple   | Entered the Ecumenical Temple
  6900 | D:6      | Killed a manticore
  7504 | D:7      | Reached XP level 10. HP: 62/64 MP: 10/10
  8480 | D:8      | Found a hazy altar of Hepliaklqana.
  8853 | D:8      | Found a shadowy altar of Dithmenos.
  9485 | D:8      | Noticed a purple ugly thing
  9518 | D:7      | Killed a purple ugly thing
  9597 | D:8      | Reached XP level 11. HP: 71/71 MP: 11/11
  9759 | D:8      | Reached ***** piety under Trog
  9983 | D:9      | Reached skill level 10 in Fighting
  9992 | D:9      | Found a hide-covered altar of Uskayaw.
 10053 | D:9      | Noticed Psyche
 10068 | D:9      | Killed Psyche
 10270 | D:9      | Found Qauclo's Book Emporium.
 10293 | D:9      | Found a sacrificial altar of Ru.
 10327 | D:9      | Noticed Maggie
 10344 | D:9      | Killed Maggie
 10490 | D:9      | Found Docsics's Antique Armour Shop.
 10492 | D:9      | Found a sparkling altar of Nemelex Xobeh.
 10837 | D:9      | Noticed Harold
 10916 | D:8      | Received a gift from Trog
 10954 | D:9      | Killed Harold
 10955 | D:9      | Reached skill level 10 in Armour
 11126 | D:10     | Entered Level 10 of the Dungeon
 11126 | D:10     | Found Faoloono's Armour Shop.
 11155 | D:10     | Noticed a two-headed ogre
 11172 | D:10     | Killed a two-headed ogre
 11222 | D:10     | Noticed a cyclops
 11248 | D:10     | Killed a cyclops
 11313 | D:10     | Noticed a two-headed ogre
 11318 | D:10     | Killed a two-headed ogre
 11367 | D:10     | Found a staircase to the Orcish Mines.
 11408 | D:10     | Noticed a two-headed ogre
 11430 | D:10     | Killed a two-headed ogre
 11431 | D:10     | Reached skill level 10 in Maces & Flails
 11496 | D:10     | Noticed a wizard
 11547 | D:10     | Found a portal to a secret trove of treasure.
 11597 | D:10     | Noticed a steelbarb worm
 11819 | D:11     | Noticed a cyclops
 11836 | D:11     | Killed a cyclops
 11837 | D:11     | Reached XP level 12. HP: 80/80 MP: 12/12
 12107 | D:11     | Noticed a fire dragon
 12113 | D:11     | Found a staircase to the Lair.
 12179 | D:11     | Noticed a two-headed ogre
 12189 | D:11     | Killed a two-headed ogre
 12455 | D:11     | Killed a fire dragon
 12563 | Lair:1   | Entered Level 1 of the Lair of Beasts
 12576 | Lair:1   | Noticed Gastronok
 12674 | Orc:1    | Entered Level 1 of the Orcish Mines
 12857 | D:10     | Identified the +2 leather armour of Qakhij {rC+}
 13669 | Orc:2    | Entered Level 2 of the Orcish Mines
 13683 | Orc:2    | Noticed a sun demon
 13833 | Orc:2    | Found a staircase to the Elven Halls.
 13892 | Orc:2    | Received a gift from Trog
 14031 | Orc:2    | Paralysed by an orc sorcerer for 5 turns
 14034 | Orc:2    | Noticed a sun demon
 14082 | Orc:2    | Found a dark tunnel.
 14091 | Volcano  | Entered a volcano
 14416 | Volcano  | Reached XP level 13. HP: 54/86 MP: 13/13
 14457 | Volcano  | Noticed a red draconian
 14469 | Volcano  | Killed a red draconian
 15011 | Orc:2    | Reached ****** piety under Trog
 15052 | Orc:2    | Gained mutation: You occasionally lose the ability to read
                  | scrolls when taking damage. [a neqoxec]
 15540 | Orc:2    | Identified the +7 great mace of Sin {vorpal, rPois Dex+6}
                  | (Trog gifted it to you on level 2 of the Orcish Mines)
 15540 | Orc:2    | Received a gift from Trog
 15678 | Orc:2    | Found Vugeohom's Antique Armour Shoppe.
 15678 | Orc:2    | Found Ritiru's Assorted Antiques.
 15695 | Orc:2    | Found Odete's Distillery.
 15697 | Orc:2    | Found Bovva's Armour Emporium.
 16636 | Lair:1   | Killed Gastronok
 16968 | Lair:1   | Reached skill level 10 in Dodging
 17130 | Lair:1   | Found the -2 hat of the Alchemist {rElec rPois rF+ rC+ rN+
                  | Will+ rMut rCorr}
 17417 | Lair:1   | Noticed Amaemon
 17435 | Lair:1   | Killed Amaemon
 17678 | Lair:2   | Found a gate leading to a gauntlet.
 17916 | Lair:2   | Found a staircase to the Shoals.
 17962 | Lair:2   | Gained mutation: Your large and strong wings let you fly.
                  | [Gargoyle growth]
 17962 | Lair:2   | Reached XP level 14. HP: 94/94 MP: 14/14
 18195 | Lair:2   | Received a gift from Trog
 18717 | Lair:3   | Found a hole to the Spider Nest.
 19061 | Lair:3   | You are sucked into a shaft and drop 2 floors!
 19061 | Lair:5   | Entered Level 5 of the Lair of Beasts
 20188 | Lair:4   | Found a viscous altar of Jiyva.
 20189 | Lair:4   | Found a staircase to the Slime Pits.
 20873 | Lair:5   | Received a gift from Trog
 20943 | Lair:5   | Reached XP level 15. HP: 85/101 MP: 15/15
 21586 | Lair:5   | Reached skill level 15 in Fighting
 22179 | D:12     | Noticed Lodul
 22205 | D:12     | Killed Lodul
 22205 | D:12     | Received a gift from Trog
 22741 | D:13     | Found Noireakk's Assorted Antiques.
 22742 | D:13     | Noticed Azrael
 22831 | D:13     | Noticed Rupert
 22911 | D:13     | Reached skill level 15 in Armour
 23117 | D:13     | Noticed Nessos
 23205 | D:13     | Paralysed by Rupert for 4 turns
 23226 | D:12     | Killed Rupert
 23509 | D:13     | Shot with a bolt by Nessos

Illustrated notes

Levels and vault maps discovered:
D:1:      roderic_dead_forest, layout_basic, minmay_pentomino_s2
D:2:      layout_loops_corners, basic_altar, kennysheep_generic_room_9
D:3:      layout_basic, mainiacjoe_overflow_24_doors, jmf_multi_god_temple2
D:4:      layout_rooms, mainiacjoe_overflow_concentric_impassable, serial_shops,
          nicolae_shop_advertising_works [nicolae_subvault_shop_adworks],
          gup_sewer_entry_pipe, minmay_fractal_squares_gapless_5
D:5:      layout_gridville, nicolae_overflow_squiral, minmay_divided_ellipse,
          uniq_prince_ribbit1
D:6:      black_bear_nest_2, layout_loops_ring,
          minmay_temple_entry_statues_pillars, minmay_manual_monstrance,
          uniq_pikel
D:7:      layout_loops_corners, kennysheep_cross_room
D:8:      layout_cave_pools, overflow_temple_1_default, grunt_dithmenos_smoke,
          serial_undead, serial_undead_b, serial_undead_e, serial_undead_b,
          serial_undead_d, special_room [special_room_kobold],
          dk_rats_in_the_wall
D:9:      layout_gridville, mainiacjoe_overflow_alcove_1,
          nicolae_ru_great_annihilating_truth, lemuel_crystal_altar,
          serial_shops, nicolae_shop_temple_entry_statues_fountains,
          nicolae_square_shop, uniq_maggie, uniq_psyche, uniq_harold
D:10:     layout_rooms, erik_orc_4, serial_shops, shop,
          nicolae_trove_entry_free_sample, minmay_mirror_moons_of_madness
D:11:     layout_small_grid, minmay_lair_entry_lava, minmay_crystal_room
D:12:     layout_rooms, uniq_lodul
D:13:     minmay_strange_plus, layout_cave_pools, david_vaults_1, serial_shops,
          nicolae_shop_waterfront, uniq_azrael, uniq_rupert, uniq_josephine,
          uniq_nessos
Temple:   minmay_temple_curvy_loop
Lair:1:   minmay_lair_oklob_chamber, layout_chaotic_city, nzn_random_ring,
          grunt_megastairs_1, uniq_gastronok, uniq_amaemon
Lair:2:   layout_cave_shapes, minmay_shoals_entry_lonely_mermaid,
          gauntlet_entry_generic
Lair:3:   layout_cave_pods, nicolae_spider_entry_orb_guardian
Lair:4:   layout_concentric_octagons, dpeg_slime_entry_enclosed,
          lemuel_fruit_fields
Lair:5:   minmay_lair_end_enchanted_forest, layout_layer_cave, minivault_23
Orc:1:    layout_diamond_mine
Orc:2:    st_orc_mages, layout_caves, enter_volcano_3,
          portal_ice_cave_entry_pillars_2, serial_shops, bzr_entry_dummy

Skill      XL: |  1  2  3  4  5  6  7  8  9 10 11 12 13 14 15 |
---------------+----------------------------------------------+-----
Dodging        | 2 3 4 5 7 8 9 10 11 | 11.9
Armour         | 3 4 5 6 7 9 10 12 13 14 15 | 15.2
Fighting       | 4 5 6 8 9 11 12 13 14 15 | 15.4
Maces & Flails | 4 5 6 7 8 10 11 12 13 14 | 14.2

Action                   |  1- 3 |  4- 6 |  7- 9 | 10-12 | 13-15 || total
-------------------------+-------+-------+-------+-------+-------++-------
Melee: Mace              |   110 |    51 |       |       |       ||   161
       Flail             |       |   168 |    73 |       |       ||   241
       Punch             |       |     1 |     9 |     7 |       ||    17
       Morningstar       |       |       |   178 |   749 |       ||   927
       Great mace        |       |       |       |    21 |   995 ||  1016
Invok: Berserk           |       |     2 |     1 |     2 |     4 ||     9
Evoke: Wand              |       |       |       |    29 |     1 ||    30
  Use: Scroll            |       |     2 |       |    11 |     3 ||    16
 Stab: Paralysed         |       |       |       |     1 |       ||     1
Armor: Animal skin       |    12 |       |       |       |       ||    12
       Ring mail         |    29 |    49 |       |       |       ||    78
       Chain mail        |       |    46 |   122 |   399 |   129 ||   696
       Scale mail        |       |    10 |       |       |       ||    10
       Plate armour      |       |       |       |       |   624 ||   624
Dodge: Dodged            |    75 |   177 |   156 |   595 |  1002 ||  2005
